 Dungeon Crawl Stone Soup version 0.20-a0-555-gf6ae02d (webtiles) character file.

768 Nvm9 the Covered (level 7, -2/55 HPs)
             Began as a Demonspawn Fighter on Jan 27, 2017.
             Killed from afar by dricus's ghost (6 damage)
             ... with a magic dart
             ... on level 5 of the Dungeon on Feb 4, 2017.
             The game lasted 00:06:03 (3922 turns).

Nvm9 the Covered (Demonspawn Fighter)               Turns: 3922, Time: 00:06:04

Health: -2/55      AC:  8    Str: 19    XL:     7   Next: 52%
Magic:  7/7        EV: 10    Int:  9    God:
Gold:   243        SH: 10    Dex: 12    Spells: 6/6 levels left

rFire    + . .     SeeInvis .   a - +0 war axe
rCold    . . .     Gourm    .   b - +0 scale mail
rNeg     . . .     Faith    .   c - +1 shield
rPois    .         Spirit   .   n - +0 hat
rElec    .         Reflect  .   (no cloak)
rCorr    .         Harm     .   o - +0 pair of gloves
MR       .....                  (no boots)
Stlth    ..........             (no amulet)
Regen    0.2/turn               e - ring of fire
                                k - +3 ring of evasion

@: lethally poisoned (-2 -> -3)
A: antennae 1, cold resistance 1
a: no special abilities


You were on level 5 of the Dungeon.
You were not hungry.

You visited 1 branch of the dungeon, and saw 5 of its levels.

You collected 243 gold pieces.

Inventory:

Hand Weapons
 a - a +0 war axe (weapon)
Armour
 b - a +0 scale mail (worn)
 c - a +1 shield (worn)
 n - a +0 hat (worn)
 o - a +0 pair of gloves (worn)
Jewellery
 e - a ring of fire (right hand)
 k - a +3 ring of evasion (left hand)
Scrolls
 g - 2 scrolls of remove curse
 i - 2 scrolls of identify
 j - a scroll of fear {unknown}
 l - a scroll of fog
 p - 2 scrolls of enchant weapon {unknown}
 s - a scroll of amnesia {unknown}
 t - a scroll of recharging {unknown}
Potions
 d - a potion of might
 h - a potion of lignification {unknown}
 q - 2 potions of flight {unknown}
 u - a potion of cure mutation {unknown}
 w - a potion of magic {unknown}
Comestibles
 f - 2 bread rations
 m - a meat ration
 r - a fruit
 v - 2 royal jellies


   Skills:
 + Level 4.7 Fighting
 + Level 4.0 Axes
 * Level 5.4 Armour
 + Level 4.2 Shields


You had 6 spell levels left.
You didn't know any spells.

Dungeon Overview and Level Annotations

Branches:
Dungeon (5/15)
 Temple: D:4-7

Altars:
Hepliaklqana

Annotations:
D:5 dricus's ghost, novice DECj


Innate Abilities, Weirdness & Mutations

You have a pair of small antennae on your head.
Your flesh is cold resistant. (rC+)


Message History

The magic dart hits you!
* * * LOW HITPOINT WARNING * * *
Unknown command.
You slash dricus's ghost!
Dricus's ghost is heavily damaged.
Dricus's ghost gestures at you while chanting.
The magic dart hits you!
You hit dricus's ghost.
Dricus's ghost is severely damaged.
You feel sick. Dricus's ghost barely misses you. Dricus's ghost hits you.
* * * LOW HITPOINT WARNING * * *
Your shield and scale mail prevent you from hitting dricus's ghost.
Dricus's ghost is severely damaged.
Dricus's ghost closely misses you.
You slash dricus's ghost!
Dricus's ghost is almost destroyed.
You feel sick. Dricus's ghost casts a spell at you. The magic dart hits you!
You die...

###.........# #.....#.......<
############### #.###.#........
.............## #.#⌠#..........
#############.## #.###..........
......§§§§§§§.####.....#........
#################....###........
..##....../.#####.#.## #........
########.......#.# #..(.....
#####@....# #>....... #W###.#
######### #.....#.# .........##
............# >...$.......#
.......(....# ............#
............#


You could see dricus's ghost.

Vanquished Creatures
  Eustachio (D:4)
  A phantom (D:4)
  An ogre (D:4)
  2 scorpions
  A bullfrog zombie (D:5)
  A hound (D:4)
  An orc wizard (D:4)
  An orc priest (D:4)
  2 worker ants (D:4)
  7 adders
  2 gnolls (D:3)
  A shadow imp (D:5)
  An ooze (D:2)
  An adder zombie (D:5)
  3 worms (D:3)
  A dart slug (D:2)
  5 leopard geckos
  2 orcs (D:4)
  3 ball pythons
  4 giant cockroaches
  4 goblins
  10 hobgoblins
  6 jackals
  5 quokkas (D:3)
  6 bats
  8 frilled lizards
  5 kobolds
  A leopard gecko skeleton (D:4)
  7 rats
  A plant (D:3)
94 creatures vanquished.

Vanquished Creatures (others)
  A plant (D:3)
1 creature vanquished.

Grand Total: 95 creatures vanquished

Notes
Turn   | Place    | Note
-------+----------+-------------------------------------------
     0 | D:1      | Nvm9 the Demonspawn Fighter began the quest for the Orb.
     0 | D:1      | Reached XP level 1. HP: 18/18 MP: 1/1
   240 | D:1      | Gained mutation: You have a pair of small antennae on your head. [demonic ancestry]
   240 | D:1      | Reached XP level 2. HP: 24/24 MP: 2/2
   480 | D:1      | Reached skill level 3 in Armour
   713 | D:2      | Reached XP level 3. HP: 29/29 MP: 3/3
  1442 | D:3      | Reached XP level 4. HP: 35/35 MP: 4/4
  1537 | D:3      | Found a hazy altar of Hepliaklqana.
  2383 | D:4      | Reached skill level 4 in Armour
  2383 | D:4      | Reached XP level 5. HP: 38/42 MP: 5/5
  2412 | D:4      | Noticed Eustachio
  2436 | D:4      | Killed Eustachio
  2436 | D:4      | Gained mutation: Your flesh is cold resistant. (rC+) [demonic ancestry]
  2436 | D:4      | Reached XP level 6. HP: 14/48 MP: 6/6
  3066 | D:4      | Reached skill level 5 in Armour
  3066 | D:4      | Reached XP level 7. HP: 49/55 MP: 7/7
  3421 | D:4      | Upgraded the game from 0.20-a0-535-gc09f9e6 to 0.20-a0-555-gf6ae02d
  3690 | D:5      | Entered Level 5 of the Dungeon
  3904 | D:5      | Noticed dricus's ghost (novice DECj)
  3922 | D:5      | Killed from afar by dricus's ghost

Vault maps used:
D:1:      minmay_arrival_checkered_box, minmay_misc_feat_enclosed
D:3:      wad_woods_stonehenge, first_bread
D:4:      uniq_eustachio
D:5:      lemuel_ice_spiral_2, fedhas_altar_2, cheibrodos_ashenzari_chains,
          serial_shops, kennysheep_mini, feat_on_display

Skill      XL: |  1  2  3  4  5  6  7 |
---------------+----------------------+-----
Axes           | 2 3 4 |  4.0
Armour         | 3 4 5 |  5.4
Shields        | 3 4 |  4.2
Fighting       | 4 |  4.7

Action                   |  1- 3 |  4- 6 |  7- 9 || total
-------------------------+-------+-------+-------++-------
Melee: War axe           |   115 |   186 |    78 ||   379
  Use: Potion            |     4 |     2 |       ||     6
       Scroll            |     4 |       |       ||     4
  Eat: Chunk             |     1 |     5 |       ||     6
       Bread ration      |       |     1 |       ||     1
Armor: Scale mail        |    60 |    75 |    25 ||   160
Dodge: Dodged            |    39 |    92 |    39 ||   170
Block: Shield            |    59 |   110 |    53 ||   222
